 Dungeon Crawl Stone Soup version 0.28.0-43-g3370ac3207 (webtiles) character file.

Game seed: 13659790154730120660

143 xzight the Covered (level 5, -4/33 HPs)
             Began as a Gargoyle Fighter on Mar 7, 2022.
             Slain by an iguana (11 damage)
             ... on level 4 of the Dungeon.
             The game lasted 00:04:53 (2349 turns).

xzight the Covered (Gargoyle Fighter)               Turns: 2349, Time: 00:04:58

Health: -4/33      AC: 13    Str: 21    XL:     5   Next: 25%
Magic:  5/5        EV:  7    Int:  9    God:
Gold:   98         SH:  4    Dex:  9    Spells: 4/4 levels left

rFire   . . .      SeeInvis .   a - +0 war axe
rCold   . . .      Faith    .   c - +0 buckler
rNeg    + . .      Spirit   .   i - +0 chain mail
rPois   ∞          Reflect  .   (no helmet)
rElec   +          Harm     .   (no cloak)
rCorr   +          Rampage  .   (no gloves)
Will    +....                   (no boots)
Stlth   ..........              (no amulet)
HPRegen 0.11/turn               R - ring of resist corrosion
MPRegen 0.09/turn               W - ring of willpower

@: no status effects
A: sickness immunity, AC +4, negative energy resistance 1, electricity
resistance, torment resistance 1, petrification resistance
a: no special abilities


You were on level 4 of the Dungeon.
You visited 1 branch of the dungeon, and saw 4 of its levels.

You collected 98 gold pieces.


Innate Abilities, Weirdness & Mutations

You are immune to sickness and miasma.
Your stone body is resilient. (AC +4)
You are immune to poison.
You resist negative energy. (rN+)
You are resistant to electric shocks. (rElec)
You are resistant to unholy torment.
You are immune to petrification.


   Skills:
 + Level 4.2 Fighting
 * Level 3.6 Axes
 + Level 4.2 Armour
 - Level 3.2 Shields


You had 4 spell levels left.
You didn't know any spells.
Your spell library contained the following spells:

 Spells                   Type           Power      Damage    Failure   Level
 Summon Small Mammal      Summ           0%         N/A       99%         1
 Call Canine Familiar     Summ           0%         N/A       100%        3
 Summon Guardian Golem    Hex/Summ       0%         N/A       100%        3

Inventory:

Hand Weapons
 a - a +0 war axe (weapon)
Armour
 c - a +0 buckler (worn)
 i - a +0 chain mail (worn)
Jewellery
 R - a ring of resist corrosion (left hand)
 W - a ring of willpower (right hand)
Scrolls
 b - a scroll of torment {unknown}
 e - 2 scrolls of teleportation {unknown}
 h - a scroll of summoning {unknown}
 l - a scroll of fog {unknown}
 m - a scroll of holy word {unknown}
Potions
 d - a potion of might
 f - a potion of berserk rage {unknown}
 g - a potion of curing {unknown}
 j - a potion of haste {unknown}
 k - a potion of flight {unknown}

Dungeon Overview and Level Annotations

Branches:
Dungeon (4/15)
 Temple: D:4-7

Altars:
Qazlal

Shops:
D:2

= #####...
#...... ##.....#
# #......## #.
#...)...####.#
#.....†...?..#
#......##..#.###
#.....#..{l....#
#......)ogl@.#
##.....##.##.#
#.....###.##.#
#.....# #.###
###.### #.#
#.###### ##
#.#....#
#.#.##.#
#.#.##.#


You could see 2 iguanas, an orc and a goblin.


Message History

You hit the iguana.
The iguana is heavily wounded.
The iguana bites you.
The orc wizard mumbles some strange words.
The orc wizard flickers and vanishes!
Deactivating autopickup; reactivate with Ctrl-A.
You block the iguana's attack.
You hit the iguana but do no damage.
The iguana is heavily wounded.
You closely miss the iguana. The iguana bites you.
* * * LOW HITPOINT WARNING * * *
The iguana bites you but does no damage. x2
Unknown command.
You are too injured to fight recklessly!
Unknown command.
You are too injured to fight recklessly!
Unknown command.
Unknown command.
You barely miss the iguana.
The iguana is heavily wounded.
You closely miss the iguana.
The iguana bites you but does no damage. x2
You completely miss the iguana.
The iguana is heavily wounded.
You hit the iguana but do no damage. The iguana bites you!
* * * LOW HITPOINT WARNING * * *
The iguana bites you but does no damage.
You hear a zap.
Some rock shatters into small pieces.
The iguana bites you!
You die...

Skill      XL: |  1  2  3  4 |
---------------+-------------+-----
Axes           | 2 3 |  3.6
Armour         | 4 |  4.2
Fighting       | 4 |  4.2
Shields        | |  3.2

Action                   |  1- 3 |  4- 6 || total
-------------------------+-------+-------++-------
Melee: War axe           |   126 |    51 ||   177
Armor: Scale mail        |    69 |       ||    69
       Chain mail        |    34 |    48 ||    82
Dodge: Dodged            |    60 |    19 ||    79
Block: Buckler           |    34 |     5 ||    39

Levels and vault maps discovered:
D:1:      co_arrival_square_in_a_square_in_a_square, layout_rooms
D:2:      layout_rooms, basic_altar, serial_shops, nicolae_diamond_shop,
          chequers_ecumenical_altar_lobes, minmay_pentomino_r2
D:3:      layout_basic, lemuel_crystal_altar,
          amcnicky_mini_rare_corridor_liquid, chequers_decorated_corner
D:4:      layout_basic, serial_park_tiny_1

Notes
Turn   | Place    | Note
-------+----------+-------------------------------------------
     0 | D:1      | xzight the Gargoyle Fighter began the quest for the Orb.
     0 | D:1      | Reached XP level 1. HP: 14/14 MP: 1/1
    52 | D:1      | Reached skill level 2 in Axes
   106 | D:1      | Reached XP level 2. HP: 18/19 MP: 2/2
   184 | D:1      | Reached XP level 3. HP: 15/23 MP: 3/3
   769 | D:2      | Found Lemimudgh's Jewellery Shop.
  1128 | D:2      | Reached skill level 3 in Axes
  1128 | D:2      | Reached XP level 4. HP: 23/29 MP: 4/4
  1222 | D:2      | Found a stormy altar of Qazlal.
  1255 | D:2      | Reached skill level 4 in Armour
  1515 | D:2      | Reached skill level 4 in Fighting
  1652 | D:2      | Found a faded altar of an unknown god.
  1815 | D:3      | Found a stormy altar of Qazlal.
  2336 | D:4      | Reached XP level 5. HP: 27/33 MP: 5/5
  2349 | D:4      | Slain by an iguana

Vanquished Creatures
  An iguana (D:4)
  6 adders
  2 dart slugs
  2 orcs (D:4)
  6 bats (D:1)
  8 endoplasms
  5 goblins
  3 hobgoblins
  4 jackals (D:1)
  4 kobolds
  A quokka (D:1)
  3 ball pythons
  3 frilled lizards
  9 rats
57 creatures vanquished.

Vanquished Creatures (others)
  4 plants (D:2)
4 creatures vanquished.

Grand Total: 61 creatures vanquished

Table legend: (Time is in decaauts)
 A = Elapsed time spent in this place.
 B = Non-inter-level travel time spent in this place.
 C = Inter-level travel time spent in this place.
 D = Time resting spent in this place.
 E = Time spent auto-exploring this place.
 F = Levels seen in this place.
 G = Mean time per level.
                   A        B        C        D        E       F      G
               +--------+--------+--------+--------+--------+-----+--------+
         Total |   2420 |   2354 |     66 |    503 |   1349 |   4 |  605.0 |
       Dungeon |   2420 |   2354 |     66 |    503 |   1349 |   4 |  605.0 |
               +--------+--------+--------+--------+--------+-----+--------+

Top non-repeatable levels by time:
     D:2: 925 daAuts
     D:1: 807 daAuts
     D:3: 639 daAuts
     D:4: 47 daAuts

Table legend:
 A = Non-vault XP
 B = Vault XP
 C = Vault XP percentage of total XP
 D = Non-vault monster count
 E = Vault monster count
 F = Vault count percentage of total count
                 A         B        C        D         E       F
            +---------+---------+-------+---------+---------+-------
      Total |     205 |       0 |   0.0 |      57 |       0 |   0.0
            +---------+---------+-------+---------+---------+-------
        D:1 |      56 |       0 |   0.0 |      31 |       0 |   0.0
        D:2 |      67 |       0 |   0.0 |      12 |       0 |   0.0
        D:3 |      39 |       0 |   0.0 |      11 |       0 |   0.0
        D:4 |      43 |       0 |   0.0 |       3 |       0 |   0.0
            +---------+---------+-------+---------+---------+-------
